 Dungeon Crawl Stone Soup version 0.28-b1-1-g3c77fb2ed1 (webtiles) character file.

Game seed: 9017905351351720677

182 pkoi the Shooter (level 5, -1/42 HPs)
             Began as a Minotaur Hunter on Jan 28, 2022.
             Slain by a gnoll (5 damage)
             ... on level 3 of the Dungeon.
             The game lasted 00:02:02 (2639 turns).

pkoi the Shooter (Minotaur Hunter)                  Turns: 2639, Time: 00:02:02

Health: -1/42      AC:  3    Str: 18    XL:     5   Next: 34%
Magic:  4/4        EV: 11    Int:  8    God:
Gold:   105        SH:  0    Dex: 11    Spells: 4/4 levels left

rFire   . . .      SeeInvis .   b - +1 dagger (venom)
rCold   . . .      Faith    .   (no shield)
rNeg    . . .      Spirit   .   c - +0 leather armour
rPois   .          Reflect  .   (helmet restricted)
rElec   .          Harm     .   (no cloak)
rCorr   .          Rampage  .   (no gloves)
Will    .....                   (no boots)
Stlth   +.........              (no amulet)
HPRegen 0.14/turn               (no ring)
MPRegen 0.09/turn               (no ring)

@: no status effects
A: horns 2, retaliatory headbutt
a: no special abilities


You were on level 3 of the Dungeon.
You visited 1 branch of the dungeon, and saw 3 of its levels.

You collected 105 gold pieces.

Inventory:

Hand Weapons
 a - a +1 shortbow
 b - a +1 dagger of venom (weapon)
 g - a +0 short sword
 u - a +3 whip
Missiles
 d - 22 arrows
Armour
 c - a +0 leather armour (worn)
Jewellery
 n - an amulet of faith
 s - a +4 ring of protection
Scrolls
 h - a scroll of immolation {unknown}
 j - 2 scrolls of teleportation {unknown}
 k - a scroll of enchant weapon {unknown}
 p - a scroll of identify {unknown}
 t - a scroll of amnesia {unknown}
 v - a scroll of fog {unknown}
 w - a scroll of summoning {unknown}
Potions
 e - a potion of curing {unknown}
 f - a potion of invisibility {unknown}
 i - a potion of attraction {unknown}
 l - a potion of mutation {unknown}
 m - a potion of lignification {unknown}
 o - a potion of degeneration {unknown}
 q - a potion of heal wounds {unknown}
 r - a potion of flight {unknown}


   Skills:
 - Level 2.4 Fighting
 + Level 7.3 Bows
 - Level 2.1 Dodging
 - Level 0.7 Stealth


You had 4 spell levels left.
You didn't know any spells.
Your spell library contained the following spells:

 Spells                   Type           Power      Damage    Failure   Level
 Call Canine Familiar     Summ           0%         N/A       83%         3
 Portal Projectile        Hex/Tloc       0%         N/A       83%         3
 Leda's Liquefaction      Hex/Erth       0%         N/A       99%         4


Dungeon Overview and Level Annotations

Branches:
Dungeon (3/15)

Altars:


Innate Abilities, Weirdness & Mutations

You have a pair of horns on your head.
You reflexively headbutt those who attack you in melee.


Message History

You are held in a net!
You struggle against the net.
The gnoll hits you from afar with a +0 spear.
You tear a large gash into the net.
The gnoll hits you from afar with a +0 spear.
You rip the net and break free!
The gnoll barely misses you.
The gnoll hits you from afar with a +0 spear.
The gnoll hits you with a +0 spear.
Things that are here:
a +0 spear; a gnoll corpse You hit the gnoll.
The gnoll is poisoned.
The gnoll is lightly wounded.
The gnoll closely misses you. The gnoll barely misses you.
You furiously retaliate!
You headbutt the gnoll, but do no damage.
You closely miss the gnoll.
The gnoll is lightly wounded.
The gnoll hits you from afar with a +0 spear.
The gnoll hits you with a +0 spear.
* * * LOW HITPOINT WARNING * * *
You hit the gnoll but do no damage.
The gnoll looks as sick as possible!
You headbutt the gnoll, but do no damage.
The gnoll is lightly wounded.
The gnoll barely misses you. x2
You hit the gnoll but do no damage.
The gnoll looks as sick as possible!
You headbutt the gnoll!
You kill the gnoll!
The gnoll hits you from afar with a +0 spear!
* * * LOW HITPOINT WARNING * * *
The gnoll hits you with a +0 spear.
* * * LOW HITPOINT WARNING * * *
Things that are here:
a +0 spear; a throwing net; a gnoll corpse You hit the gnoll.
The gnoll is poisoned.
The gnoll is moderately wounded.
The gnoll barely misses you.
You closely miss the gnoll.
The gnoll is heavily wounded.
The gnoll hits you with a +0 spear.
You die...

#.#.# #.#
#.#.### #.#
##.....#
$.####...##.###
..........#...#
#.# #...##.#.#
#.#
###....)#.##
#g#
#...#......#
#@#
#.#######..###
...#####)###.#
#.))).
....!...†)...#
#.####
#.#########..#
#.# #.[# #.#
#..# ..# #..#
.## #..# #.
#..# #.


You could see a gnoll (very poisoned).

Vanquished Creatures
  An orc priest (D:3)
  6 gnolls (D:3)
  3 adders
  3 worms (D:2)
  A dart slug (D:2)
  2 orcs (D:3)
  5 ball pythons
  3 bats
  5 endoplasms
  2 giant cockroaches
  5 goblins
  7 hobgoblins
  5 kobolds
  A quokka (D:3)
  2 frilled lizards
  5 rats
56 creatures vanquished.

Notes
Turn   | Place    | Note
-------+----------+-------------------------------------------
     0 | D:1      | pkoi the Minotaur Hunter began the quest for the Orb.
     0 | D:1      | Reached XP level 1. HP: 18/18 MP: 0/0
   278 | D:1      | Reached XP level 2. HP: 25/25 MP: 1/1
   395 | D:1      | Reached skill level 5 in Bows
   939 | D:2      | Reached XP level 3. HP: 30/30 MP: 2/2
  1187 | D:2      | Reached skill level 6 in Bows
  1529 | D:3      | Reached XP level 4. HP: 21/37 MP: 3/3
  2330 | D:3      | Reached skill level 7 in Bows
  2330 | D:3      | Reached XP level 5. HP: 5/42 MP: 4/4
  2639 | D:3      | Slain by a gnoll

Illustrated notes

Levels and vault maps discovered:
D:1:      sevenhm_arrival_forest_fort_large_2, layout_loops_ring
D:2:      layout_loops_ring
D:3:      layout_loops_ring

Skill      XL: |  1  2  3  4 |
---------------+-------------+-----
Bows           | 5 6 7 |  7.3
Fighting       | |  2.4
Dodging        | |  2.1
Stealth        | |  0.7

Action                   |  1- 3 |  4- 6 || total
-------------------------+-------+-------++-------
Melee: Dagger            |       |    34 ||    34
       Headbutt          |       |     4 ||     4
 Fire: Shortbow          |    94 |    31 ||   125
Armor: Leather armour    |     5 |     8 ||    13
Dodge: Dodged            |    14 |    42 ||    56
